 Dungeon Crawl Stone Soup version 0.21.1-1-g345015f (webtiles) character file.

108 palestrina the Skirmisher (level 4, -2/39 HPs)
             Began as a Barachi Fighter on Apr 22, 2018.
             Was an Initiate of Ashenzari.
             Killed by divine providence
             ... invoked by an orc priest
              (9 damage)
             ... on level 3 of the Dungeon.
             The game lasted 00:05:33 (2036 turns).

palestrina the Skirmisher (Barachi Fighter)         Turns: 2036, Time: 00:05:34

Health: -2/39      AC: 10    Str: 18    XL:     4   Next: 87%
Magic:  4/4        EV:  7    Int:  8    God:    Ashenzari [......]
Gold:   136        SH:  9    Dex: 12    Spells: 3/3 levels left

rFire    . . .     SeeInvis .   a - +0 long sword
rCold    . . .     Gourm    .   c - +0 shield
rNeg     . . .     Faith    .   b - +0 scale mail
rPois    .         Spirit   .   k - +2 helmet
rElec    .         Reflect  .   (no cloak)
rCorr    .         Harm     .   (no gloves)
MR       .....                  (no boots)
Stlth    ..........             (no amulet)
HPRegen  0.13/turn              (no ring)
MPRegen  0.09/turn              (no ring)

@: slow
A: +LOS, swims, slowness 1, strong legs 1
a: Hop, Curse Item, Renounce Religion


You were on level 3 of the Dungeon.
You worshipped Ashenzari.
Ashenzari was noncommittal.
You were not hungry.

You visited 1 branch of the dungeon, and saw 3 of its levels.

You collected 136 gold pieces.

Inventory:

Hand Weapons
 a - a +0 long sword (weapon)
Missiles
 e - 132 stones (quivered)
 r - 13 poisoned needles
Armour
 b - a +0 scale mail (worn)
 c - a +0 shield (worn)
 k - a +2 helmet (worn)
Scrolls
 h - a scroll of identify {unknown}
 j - a scroll of teleportation {unknown}
 l - a scroll of blinking {unknown}
 o - a scroll of amnesia {unknown}
 s - a scroll of random uselessness {unknown}
 t - a scroll of immolation {unknown}
Potions
 d - a potion of might
 g - a potion of lignification {unknown}
 i - a potion of curing {unknown}
 n - a potion of cancellation {unknown}
 p - a potion of brilliance {unknown}
 q - a potion of heal wounds {unknown}
Comestibles
 f - 3 rations
 m - 3 chunks of flesh


   Skills:
 + Level 5.3 Fighting
 + Level 4.4 Long Blades
 - Level 3.6 Armour
 - Level 3.2 Shields


You had 3 spell levels left.
You didn't know any spells.

Dungeon Overview and Level Annotations

Branches:
Dungeon (3/15)

Altars:
Ashenzari
Uskayaw


Innate Abilities, Weirdness & Mutations

Shadows flee at your approach. (+LOS)
You can swim through water.
You cover ground slowly.
You can hop short distances.


Message History

You closely miss the orc priest. The orc hits you but does no damage.
The orc priest hits you from afar with a trident.
You block the orc's attack.
Your scale mail prevents you from hitting the orc.
You block the orc priest's attack. The orc hits you but does no damage.
You block the orc's attack.
You hit the orc.
The orc is heavily wounded.
The orc barely misses you.
You riposte.
You hit the orc.
The orc is almost dead.
The orc hits you with a dagger.
The orc priest calls down the wrath of Beogh upon you.
Beogh smites you!
* * * LOW HITPOINT WARNING * * *
The orc priest calls upon Beogh to heal the orc.
The orc's wounds heal themselves!
The orc priest looks satisfied for a moment.
The orc priest mumbles some strange prayers to Beogh against you.
Beogh smites you!
You die...

####### #.....# #.###.#
#.###.########
######.#..........#####.##
>...........))..@.........
#####..).......##.#.###.#
#.....#####......oo..#
#.....# #......#...#
#.....# #......#g#.#
#.....# #......#.o.#
#####'## #....###o###
#.....# #....' .g. #...(.#
#....###.#


You could see an orc priest, 2 orcs and a hobgoblin.

Vanquished Creatures
  4 adders (D:2)
  An ooze (D:2)
  3 worms (D:2)
  2 dart slugs
  3 leopard geckos
  A giant cockroach (D:2)
  5 goblins
  9 hobgoblins
  3 jackals (D:1)
  A ball python (D:1)
  3 bats
  5 frilled lizards
  9 kobolds
  4 rats
53 creatures vanquished.

Notes
Turn   | Place    | Note
-------+----------+-------------------------------------------
     0 | D:1      | palestrina the Barachi Fighter began the quest for the Orb.
     0 | D:1      | Reached XP level 1. HP: 18/18 MP: 1/1
   197 | D:1      | Reached skill level 4 in Fighting
   197 | D:1      | Reached XP level 2. HP: 25/25 MP: 2/2
   202 | D:1      | Found a shattered altar of Ashenzari.
   384 | D:1      | Became a worshipper of Ashenzari the Shackled
   593 | D:1      | Reached XP level 3. HP: 31/31 MP: 3/3
  1232 | D:2      | Reached XP level 4. HP: 33/38 MP: 4/4
  1249 | D:2      | Reached skill level 5 in Fighting
  1880 | D:2      | Found a hide-covered altar of Uskayaw.
  2036 | D:3      | Killed from afar by an orc priest

Skill      XL: |  1  2  3  4 |
---------------+-------------+-----
Fighting       | 4 5 |  5.3
Long Blades    | 3 4 |  4.4
Armour         | |  3.6
Shields        | |  3.2

Action                   |  1- 3 |  4- 6 || total
-------------------------+-------+-------++-------
Melee: Long sword        |   100 |    72 ||   172
 Abil: Hop               |     1 |       ||     1
  Eat: Chunk             |     2 |     3 ||     5
Armor: Scale mail        |    42 |    32 ||    74
Dodge: Dodged            |    30 |    23 ||    53
Block: Shield            |    61 |    36 ||    97
       Rpst.: Long sword |     7 |     7 ||    14
